[Event "January 2 Late 2024"]
[Site "https://www.chess.com"]
[Date "2024.01.02"]
[Round "10"]
[White "Sarana, Alexey"]
[Black "Caruana, Fabiano"]
[Result "1-0"]
[Board "2"]
[TimeControl "180+1"]
[WhiteFideId "24133795"]
[BlackFideId "2020009"]
[WhiteElo "3033"]
[BlackElo "3072"]
[WhiteTeam "SRB"]
[BlackTeam "USA"]
[WhiteClock "0:00:09"]
[BlackClock "0:00:00"]

1. d4 Nf6 2. c4 e6 3. Nc3 Bb4 4. e3 c5 5. Bd3 d5 6. Nf3 dxc4 7. Bxc4 O-O 8. O-O Nc6 9. a3 Ba5 10. h3 a6 11. dxc5 Bxc3 12. bxc3 Qe7 13. a4 Qxc5 14. Qe2 Rd8 15. e4 Ne5 16. Nxe5 Qxe5 17. f3 Bd7 18. Be3 Qxc3 19. Rfc1 Qe5 20. Qe1 Bc6 21. Bf1 h6 22. Rc5 Qc7 23. a5 Qe7 24. Rc2 Nd7 25. Qg3 Qf6 26. Rac1 Ne5 27. Rc5 Ng6 28. Kh2 Rd7 29. R5c3 e5 30. Rc5 Rd6 31. Qg4 Rad8 32. Qf5 Qe7 33. Qh5 Qe8 34. Bc4 Kh7 35. Qf5 Rf6 36. Qg4 Nf4 37. Rc2 Rdd6 38. Qh4 g5 39. Qe1 h5 40. Qc3 Qd7 41. Qxe5 Rg6 42. Bxf4 gxf4 43. Qxf4 Kg7 44. Rxh5 Rdf6 45. Qh4 Kf8 46. Rh8+ 1-0

[Event "January 2 Late 2024"]
[Site "https://www.chess.com"]
[Date "2024.01.02"]
[Round "10"]
[White "Paravyan, David"]
[Black "Le, Tuan Minh"]
[Result "1-0"]
[Board "3"]
[TimeControl "180+1"]
[WhiteFideId "4194985"]
[BlackFideId "12401153"]
[WhiteElo "3115"]
[BlackElo "3033"]
[WhiteTeam "FID"]
[BlackTeam "VIE"]
[WhiteClock "0:00:42"]
[BlackClock "0:00:02"]

1. e4 e5 2. Nf3 Nc6 3. Bc4 Bc5 4. d3 d6 5. Nc3 Nf6 6. Na4 Bb6 7. c3 h6 8. h3 O-O 9. O-O Re8 10. Re1 Be6 11. Bb5 Bd7 12. Nxb6 axb6 13. Ba4 Ne7 14. Bc2 Ng6 15. d4 Bc6 16. d5 Bd7 17. Be3 Nh7 18. c4 Rf8 19. b4 f5 20. exf5 Bxf5 21. Bxf5 Rxf5 22. c5 bxc5 23. bxc5 Nf6 24. Qb1 e4 25. Nd4 Rxd5 26. Qxb7 dxc5 27. Ne6 Qc8 28. Qxc8+ Rxc8 29. Nxc5 Ne5 30. Rec1 Ra8 31. a4 Nd3 32. Rc4 Ne5 33. Rc3 Rd6 34. Bf4 Rd5 35. Ne6 Ne8 36. Nxc7 Nxc7 37. Rxc7 Nd3 38. Be3 Rda5 39. Rb1 Rxa4 40. Rbb7 Ne5 41. Rxg7+ Kf8 42. Bc5+ 1-0

[Event "January 2 Late 2024"]
[Site "https://www.chess.com"]
[Date "2024.01.02"]
[Round "10"]
[White "Anton Guijarro, David"]
[Black "Oparin, Grigoriy"]
[Result "0-1"]
[Board "4"]
[TimeControl "180+1"]
[WhiteFideId "2285525"]
[BlackFideId "24125890"]
[WhiteElo "2998"]
[BlackElo "3059"]
[WhiteTeam "ESP"]
[BlackTeam "USA"]
[WhiteClock "0:00:02"]
[BlackClock "0:01:16"]

1. Nf3 c5 2. b3 d5 3. Bb2 Nc6 4. e3 a6 5. g3 Nf6 6. Bg2 e6 7. O-O Be7 8. c4 O-O 9. d4 cxd4 10. Nxd4 Nxd4 11. Bxd4 dxc4 12. bxc4 Qc7 13. Qb3 Nd7 14. Nd2 Nc5 15. Qb2 f6 16. Rab1 e5 17. Bxc5 Bxc5 18. Bxb7 Ra7 19. Bxc8 Rxc8 20. Ne4 Qe7 21. Qb3 Rac7 22. Nc3 Qf7 23. Nd5 Rc6 24. Rfc1 h5 25. Qa4 Qe6 26. Qd1 h4 27. Qh5 h3 28. g4 Bf8 29. Qf5 Qxd5 0-1

[Event "January 2 Late 2024"]
[Site "https://www.chess.com"]
[Date "2024.01.02"]
[Round "10"]
[White "Naroditsky, Daniel"]
[Black "Bluebaum, Matthias"]
[Result "0-1"]
[Board "5"]
[TimeControl "180+1"]
[WhiteFideId "2026961"]
[BlackFideId "24651516"]
[WhiteElo "3142"]
[BlackElo "3033"]
[WhiteTeam "USA"]
[BlackTeam "GER"]
[WhiteClock "0:00:06"]
[BlackClock "0:00:12"]

1. Nf3 d5 2. b3 e6 3. Bb2 Nf6 4. e3 Bd6 5. d4 O-O 6. Bd3 b6 7. O-O Bb7 8. Nbd2 Nbd7 9. Ne5 c5 10. Qf3 Qe7 11. Qh3 h6 12. Nxd7 Nxd7 13. c4 cxd4 14. exd4 Rac8 15. Rfe1 Rfd8 16. Rad1 Nf6 17. Nf3 Ba3 18. Ba1 Bb4 19. Re2 Ba6 20. Ne5 Bd6 21. c5 Bxe5 22. dxe5 Nh5 23. Qxh5 Bxd3 24. Rxd3 Qxc5 25. Rd1 Rc7 26. Qg4 Rdc8 27. h4 Qb5 28. Bd4 Rc2 29. Rxc2 Rxc2 30. Be3 Kh7 31. Rd2 Rc1+ 32. Kh2 Qf1 33. Kg3 Rc3 34. Qd1 Qb5 35. Rc2 Rd3 36. Qe2 d4 37. Rd2 Qxe5+ 38. Kf3 Qf5+ 39. Kg3 Qe5+ 40. Kh3 Rxd2 41. Qxd2 dxe3 42. fxe3 Qf5+ 43. Kg3 h5 44. Qd4 e5 45. Qc4 f6 46. Kh2 Qg4 47. Qc7 Qxh4+ 48. Kg1 Qe1+ 49. Kh2 Qxe3 50. Qxa7 Qf4+ 51. Kh1 Qf1+ 52. Kh2 Qf4+ 53. Kh1 Qd4 54. a4 e4 55. a5 Qa1+ 56. Kh2 Qxa5 57. Qd7 Qe5+ 58. g3 e3 59. Qd3+ f5 60. Qe2 f4 61. gxf4 Qxf4+ 62. Kg1 Qf2+ 0-1

[Event "January 2 Late 2024"]
[Site "https://www.chess.com"]
[Date "2024.01.02"]
[Round "10"]
[White "Radjabov, Teimour"]
[Black "Kadric, Denis"]
[Result "1-0"]
[Board "6"]
[TimeControl "180+1"]
[WhiteFideId "13400924"]
[BlackFideId "14403803"]
[WhiteElo "3036"]
[BlackElo "2863"]
[WhiteTeam "AZE"]
[BlackTeam "MNE"]
[WhiteClock "0:00:29"]
[BlackClock "0:00:14"]

1. e4 d6 2. d4 Nf6 3. Nc3 e5 4. f4 exd4 5. Qxd4 Nc6 6. Qd2 g6 7. Nf3 Bg7 8. Bd3 O-O 9. O-O Re8 10. h3 Nb4 11. Qf2 c6 12. a3 Nxd3 13. cxd3 d5 14. e5 Nd7 15. d4 Nf8 16. Be3 f6 17. Rae1 Be6 18. g4 f5 19. Qg3 Qd7 20. Ng5 h6 21. Nxe6 Qxe6 22. Kh2 Kh7 23. Rg1 Qf7 24. Rg2 Ne6 25. Reg1 Bf8 26. Ne2 Be7 27. Qf3 Rg8 28. Qf1 Raf8 29. Qd1 a6 30. Qd3 Bd8 31. Qc2 Kh8 32. Qd3 Be7 33. Qb1 Bd8 34. Rg3 Bh4 35. Rf3 Bd8 36. Rg2 Be7 37. Rf1 Bd8 38. Rfg1 Be7 39. b4 g5 40. gxf5 Qxf5 41. Qxf5 Rxf5 42. Ng3 Rxf4 43. Bxf4 Nxf4 44. Rf2 Kh7 45. Nf5 Bf8 46. Rxf4 gxf4 47. Rxg8 Kxg8 48. e6 Kh7 49. e7 Bxe7 50. Nxe7 Kg7 51. Kg2 Kf6 52. Nc8 b5 53. Na7 Kf5 54. Kf3 1-0

[Event "January 2 Late 2024"]
[Site "https://www.chess.com"]
[Date "2024.01.02"]
[Round "10"]
[White "Livaic, Leon"]
[Black "Pranav, V"]
[Result "1-0"]
[Board "7"]
[TimeControl "180+1"]
[WhiteFideId "14531534"]
[BlackFideId "25060783"]
[WhiteElo "2913"]
[BlackElo "3036"]
[WhiteTeam "CRO"]
[BlackTeam "IND"]
[WhiteClock "0:00:06"]
[BlackClock "0:00:01"]

1. d4 Nf6 2. c4 e6 3. Nf3 b6 4. Bf4 Bb7 5. e3 Be7 6. Nc3 O-O 7. h3 Bb4 8. Bd3 d6 9. O-O Bxc3 10. bxc3 Nbd7 11. a4 Re8 12. Bg3 e5 13. Bf5 g6 14. Bxd7 Nxd7 15. a5 Qe7 16. Nd2 Rab8 17. Re1 h5 18. f3 Nf8 19. e4 Ne6 20. Nf1 Qf6 21. Bf2 Rbd8 22. axb6 axb6 23. Ra7 Rb8 24. Qd2 Kh7 25. Rd1 c5 26. dxe5 dxe5 27. Ne3 Nf4 28. Bg3 Rbd8 29. Nd5 Bxd5 30. cxd5 g5 31. Bxf4 gxf4 32. d6 Rg8 33. Qd5 Rg7 34. Re7 Qg6 35. Rd2 Qg3 36. Rf2 Qg6 37. Rxe5 Kg8 38. d7 Kh7 39. Rxh5+ Kg8 40. Re5 Kh7 41. Re8 Rg8 42. Rxg8 Kxg8 43. Rd2 Qg3 44. Rd1 Qh4 45. Qf5 b5 46. Qg4+ Qxg4 47. hxg4 b4 48. cxb4 cxb4 49. Kf2 Kg7 50. g3 fxg3+ 51. Kxg3 Kf6 52. Rb1 Rxd7 53. Rxb4 1-0

[Event "January 2 Late 2024"]
[Site "https://www.chess.com"]
[Date "2024.01.02"]
[Round "10"]
[White "Xiong, Jeffery"]
[Black "Melkumyan, Hrant"]
[Result "0-1"]
[Board "8"]
[TimeControl "180+1"]
[WhiteFideId "2047640"]
[BlackFideId "13302485"]
[WhiteElo "3022"]
[BlackElo "2898"]
[WhiteTeam "USA"]
[BlackTeam "ARM"]
[WhiteClock "0:00:29"]
[BlackClock "0:00:02"]

1. e4 e5 2. Nf3 Nc6 3. Nc3 Nf6 4. d4 exd4 5. Nxd4 Bc5 6. Be3 Bb6 7. Nxc6 bxc6 8. Qd2 O-O 9. O-O-O Re8 10. f3 d5 11. Bc4 Be6 12. Bxb6 axb6 13. exd5 cxd5 14. Nxd5 Bxd5 15. Bxd5 Nxd5 16. Qxd5 Qxd5 17. Rxd5 Rxa2 18. Rhd1 g6 19. Kb1 Raa8 20. Rd7 Re2 21. R1d2 Re1+ 22. Rd1 Re2 23. R1d2 Re1+ 24. Rd1 Rae8 25. Kc1 R1e2 26. R1d2 Re1+ 27. Rd1 R1e2 28. Rg1 c5 29. Rd6 Rf2 30. Rxb6 Ree2 31. c3 h5 32. h4 Kg7 33. Kb1 Rxg2 34. Rxg2 Rxg2 35. Rc6 g5 36. Rxc5 Kg6 37. Rc4 g4 38. Kc1 f5 39. b4 Rh2 40. b5 g3 41. Rc8 Kf7 42. Rc7+ Kf6 43. Rc6+ Kf7 44. Rc7+ Kf6 45. Rc6+ Ke7 46. Rg6 f4 47. Kd1 Rxh4 48. c4 Rh1+ 49. Ke2 h4 50. c5 h3 51. Rg7+ Kf6 0-1

[Event "January 2 Late 2024"]
[Site "https://www.chess.com"]
[Date "2024.01.02"]
[Round "10"]
[White "Sanal, Vahap"]
[Black "Kollars, Dmitrij"]
[Result "1-0"]
[Board "9"]
[TimeControl "180+1"]
[WhiteFideId "6300545"]
[BlackFideId "12909572"]
[WhiteElo "2904"]
[BlackElo "3012"]
[WhiteTeam "TUR"]
[BlackTeam "GER"]
[WhiteClock "0:00:54"]
[BlackClock "0:00:00"]

1. d4 Nf6 2. Nf3 d5 3. c4 e6 4. e3 b6 5. cxd5 exd5 6. Bb5+ c6 7. Bd3 Bd6 8. Nc3 O-O 9. O-O h6 10. e4 dxe4 11. Nxe4 Be6 12. Re1 Bd5 13. Nxd6 Qxd6 14. Ne5 Nbd7 15. Bf4 Qb4 16. Bf5 Rad8 17. Nxd7 Nxd7 18. Bxh6 gxh6 19. Qg4+ Kh8 20. Qf4 Kg7 21. Re3 Rg8 22. Rg3+ Kf8 23. Qxh6+ Ke7 24. Re3+ Be6 25. Bxe6 Qxd4 26. Rae1 Ne5 27. Bb3 1-0

[Event "January 2 Late 2024"]
[Site "https://www.chess.com"]
[Date "2024.01.02"]
[Round "10"]
[White "Van Foreest, Jorden"]
[Black "Brodsky, David"]
[Result "0-1"]
[Board "10"]
[TimeControl "180+1"]
[WhiteFideId "1039784"]
[BlackFideId "2073250"]
[WhiteElo "3004"]
[BlackElo "2892"]
[WhiteTeam "NED"]
[BlackTeam "USA"]
[WhiteClock "0:01:02"]
[BlackClock "0:00:13"]

1. e4 e5 2. Nf3 Nf6 3. Nxe5 d6 4. Nd3 Nxe4 5. Nc3 Nxc3 6. dxc3 d5 7. Nf4 c6 8. Bd3 Bd6 9. O-O O-O 10. Qh5 g6 11. Qh6 Be5 12. Nh5 Qh4 13. Bf4 Bh8 14. Ng3 Qxh6 15. Bxh6 Bg7 16. Bxg7 Kxg7 17. f4 Nd7 18. Rae1 Nc5 19. f5 Bd7 20. f6+ Kg8 21. Re7 Rfe8 22. b4 Rxe7 23. fxe7 Nxd3 24. cxd3 Re8 25. Re1 f6 26. Kf2 Kf7 27. Rf1 Rxe7 28. h3 h5 29. Ne2 Bf5 30. Nd4 Bxd3 31. Rd1 Bc4 32. a4 f5 33. h4 Re4 34. g4 Rxg4 35. Nf3 Kf6 36. Rd4 Rxd4 37. cxd4 f4 38. Ne5 Kf5 39. Kf3 Bb3 40. a5 Bd1+ 41. Kf2 g5 42. hxg5 Kxg5 43. Nf7+ Kg4 44. Ne5+ Kf5 45. a6 bxa6 46. Nxc6 h4 47. Nxa7 h3 48. Nc8 Ke4 49. Nd6+ Kxd4 50. Nb7 Kc4 51. Nc5 a5 52. Ne6 axb4 53. Nxf4 b3 0-1

[Event "January 2 Late 2024"]
[Site "https://www.chess.com"]
[Date "2024.01.02"]
[Round "10"]
[White "Svane, Rasmus"]
[Black "Mahdavi, Reza"]
[Result "1-0"]
[Board "11"]
[TimeControl "180+1"]
[WhiteFideId "4657101"]
[BlackFideId "12595926"]
[WhiteElo "2994"]
[BlackElo "2879"]
[WhiteTeam "GER"]
[BlackTeam "IRI"]
[WhiteClock "0:00:07"]
[BlackClock "0:00:00"]

1. Nf3 Nf6 2. g3 e6 3. Bg2 d5 4. O-O c5 5. d4 cxd4 6. Nxd4 e5 7. Nf3 Nc6 8. c4 d4 9. e3 Be7 10. exd4 exd4 11. Bf4 O-O 12. Ne5 Qb6 13. Re1 Be6 14. Nd2 Rfd8 15. Qb3 Bb4 16. Nd3 Bxd2 17. Bxd2 Nd7 18. Rac1 Nc5 19. Nxc5 Qxc5 20. Qxb7 Rdc8 21. b4 Qb6 22. Bxc6 Qxc6 23. Qxc6 Rxc6 24. c5 Bxa2 25. b5 Re6 26. Rxe6 Bxe6 27. Ra1 Kf8 28. b6 Bd5 29. bxa7 Rc8 30. Ba5 Ke8 31. Bb6 Kd7 32. Kf1 Re8 33. Rd1 Bc4+ 34. Kg2 d3 35. g4 Kc6 36. Kg3 Kb7 37. Rc1 Bb5 38. Rd1 f6 39. h4 g6 40. f3 f5 41. gxf5 gxf5 42. Kf4 Rf8 43. Ke3 Re8+ 44. Kd4 Re7 45. h5 Rd7+ 46. Kc3 d2 47. Rxd2 Rxd2 48. Kxd2 Be8 49. Ke3 Bxh5 50. c6+ 1-0

[Event "January 2 Late 2024"]
[Site "https://www.chess.com"]
[Date "2024.01.02"]
[Round "10"]
[White "Zhigalko, Sergei"]
[Black "Pakleza, Zbigniew"]
[Result "0-1"]
[Board "12"]
[TimeControl "180+1"]
[WhiteFideId "13502956"]
[BlackFideId "1119290"]
[WhiteElo "2919"]
[BlackElo "2829"]
[WhiteTeam "BLR"]
[BlackTeam "POL"]
[WhiteClock "0:00:00"]
[BlackClock "0:00:04"]

1. e4 d6 2. d4 Nf6 3. Nc3 c6 4. Nf3 Bg4 5. h3 Bh5 6. Be2 e6 7. O-O Be7 8. Re1 O-O 9. Bf4 d5 10. Ne5 Bxe2 11. Qxe2 Bb4 12. Bg5 h6 13. Bh4 g5 14. Bg3 Bxc3 15. bxc3 Nxe4 16. Qh5 Qf6 17. Rab1 b6 18. c4 Qg7 19. Ng4 Nf6 20. Nxf6+ Qxf6 21. Be5 Qg6 22. Qxg6+ fxg6 23. Bxb8 Raxb8 24. Rxe6 Rbc8 25. Rxg6+ Kh7 26. Rd6 dxc4 27. Re1 Kg7 28. Ree6 c5 29. Rg6+ Kf7 30. Rxh6 cxd4 31. Rd7+ Kg8 32. Rg6+ Kh8 33. Rxd4 Rf5 34. Rd7 Ra5 35. c3 Ra3 36. Rxg5 Rxc3 37. Rxa7 Rc1+ 38. Kh2 c3 39. Ra4 Rc7 40. Rh4+ Rh7 41. Rc4 Rf7 42. f3 c2 0-1

[Event "January 2 Late 2024"]
[Site "https://www.chess.com"]
[Date "2024.01.02"]
[Round "10"]
[White "Lysyj, Igor"]
[Black "Bortnyk, Olexandr"]
[Result "1-0"]
[Board "13"]
[TimeControl "180+1"]
[WhiteFideId "4150120"]
[BlackFideId "14120828"]
[WhiteElo "2831"]
[BlackElo "3015"]
[WhiteTeam "FID"]
[BlackTeam "UKR"]
[WhiteClock "0:00:37"]
[BlackClock "0:00:09"]

1. d4 a6 2. e4 h6 3. Nf3 b6 4. c4 Bb7 5. Nc3 e6 6. Be2 d6 7. Be3 Nd7 8. d5 e5 9. h4 Be7 10. g3 Ngf6 11. Nd2 a5 12. a3 O-O 13. b4 c6 14. O-O c5 15. bxa5 bxa5 16. Rb1 Bc8 17. Kg2 Nh7 18. Bg4 Ba6 19. Nb5 Ndf6 20. Bh3 Ne8 21. Qe2 Nhf6 22. Rb2 h5 23. Rfb1 Kh7 24. Nc3 g6 25. f3 Nd7 26. Qd3 Ng7 27. Na4 f5 28. exf5 gxf5 29. Nb6 Ra7 30. Nxd7 Qxd7 31. Rb6 Qe8 32. Bg5 Qg6 33. Bxe7 Rxe7 34. Rxa6 e4 35. fxe4 fxe4 36. Qe3 Rf3 37. Nxf3 exf3+ 38. Qxf3 Qxb1 39. Be6 Rb7 40. Ra8 Re7 41. Bg8+ Kg6 42. Rf8 Qe4 43. Rf6# 1-0

[Event "January 2 Late 2024"]
[Site "https://www.chess.com"]
[Date "2024.01.02"]
[Round "10"]
[White "Ibarra Jerez, Jose Carlos"]
[Black "Makarian, Rudik"]
[Result "1-0"]
[Board "14"]
[TimeControl "180+1"]
[WhiteFideId "2226332"]
[BlackFideId "44105681"]
[WhiteElo "2897"]
[BlackElo "3014"]
[WhiteTeam "ESP"]
[BlackTeam "FID"]
[WhiteClock "0:00:09"]
[BlackClock "0:00:05"]

1. e4 c5 2. Nf3 d6 3. c3 Nf6 4. h3 Nc6 5. Bd3 e5 6. Bc2 Be7 7. d4 O-O 8. O-O Nd7 9. Re1 Bf6 10. dxe5 Ndxe5 11. Bf4 Re8 12. Nbd2 Be6 13. Nf1 Nxf3+ 14. Qxf3 Qb6 15. b3 Rad8 16. Rac1 Ne5 17. Qg3 Ng6 18. Bg5 Bxg5 19. Qxg5 h6 20. Qg3 Qa5 21. Bb1 b5 22. f4 Bc8 23. Ne3 Bb7 24. Nf5 Qc7 25. h4 h5 26. Qg5 Bc8 27. Ne3 Qe7 28. g3 Qxg5 29. hxg5 h4 30. Kf2 Bb7 31. Nf5 hxg3+ 32. Kxg3 Ne7 33. Ne3 Ng6 34. Nf5 Ne7 35. Ne3 Nc8 36. Ng4 Re7 37. Re2 Kf8 38. Rh1 Ree8 39. Nf6 Re6 40. f5 Rxf6 41. Rh8+ Ke7 42. gxf6+ gxf6 43. Rxd8 Kxd8 44. Kf4 Ke7 45. Rh2 Bc6 46. Rh8 Be8 47. Bd3 Nb6 48. Rh2 Bc6 49. Rd2 a5 50. Be2 Nd7 51. Rd1 Ne5 52. Rh1 Be8 53. Rh8 b4 54. Rh3 Bd7 55. Re3 Bc6 56. Bc4 Bd7 57. Bd5 Be8 58. cxb4 axb4 59. Rh3 Bb5 60. Ke3 Be8 61. Rh1 Kd8 62. Ra1 Kc7 63. a3 bxa3 64. Rxa3 Kd8 65. Ra7 Bd7 66. Kf4 Ke7 67. Kg3 Ke8 68. Kh4 Kf8 69. Kh5 Kg7 70. Ra6 Bb5 71. Rxd6 Be2+ 72. Kh4 c4 73. bxc4 Nxc4 74. Bxc4 Bxc4 75. Kg3 Ba2 76. Kf4 Bb3 77. e5 fxe5+ 78. Kxe5 Bc2 79. Rd2 Bb1 80. Rg2+ Kf8 81. Kf6 Bd3 82. Rd2 1-0

[Event "January 2 Late 2024"]
[Site "https://www.chess.com"]
[Date "2024.01.02"]
[Round "10"]
[White "Szpar, Milosz"]
[Black "Salem, A.R. Saleh"]
[Result "1/2-1/2"]
[Board "15"]
[TimeControl "180+1"]
[WhiteFideId "1184989"]
[BlackFideId "9301348"]
[WhiteElo "2881"]
[BlackElo "2977"]
[WhiteTeam "POL"]
[BlackTeam "UAE"]
[WhiteClock "0:00:02"]
[BlackClock "0:00:01"]

1. e4 e5 2. Nf3 Nc6 3. Nc3 Nf6 4. Bb5 Nd4 5. O-O Nxb5 6. Nxb5 c6 7. Nc3 d6 8. d4 Qc7 9. Bg5 Be7 10. a4 h6 11. Bxf6 Bxf6 12. d5 O-O 13. Qd3 Be7 14. Nd2 Bd7 15. Rad1 Rad8 16. b4 Bg4 17. Rb1 Bg5 18. dxc6 bxc6 19. b5 Rc8 20. bxc6 Qxc6 21. Rb3 Be6 22. Ra3 Qc5 23. Rfa1 Kh8 24. Nf3 Bd8 25. a5 f5 26. h3 Be7 27. Qe2 fxe4 28. Qxe4 Bf6 29. Qe1 d5 30. Nxe5 Bxe5 31. Qxe5 Qxf2+ 32. Kh1 Bxh3 33. gxh3 Rf3 34. Nxd5 Rxa3 35. Rxa3 Qf1+ 36. Kh2 Rxc2+ 37. Kg3 Qg2+ 38. Kh4 Rc4+ 39. Kh5 Kh7 40. Nf6+ gxf6 41. Qf5+ Kg7 42. Qd7+ Kh8 43. Qd8+ Kh7 44. Qd7+ Qg7 45. Qd3+ Kh8 46. Qd8+ Kh7 47. Qd3+ f5 48. Qxf5+ Kh8 49. Rg3 Qxg3 50. Qf6+ Qg7 51. Qd8+ Qg8 52. Qf6+ Qg7 53. Qd8+ Kh7 54. Qd3+ Kh8 55. Qd8+ 1/2-1/2

[Event "January 2 Late 2024"]
[Site "https://www.chess.com"]
[Date "2024.01.02"]
[Round "10"]
[White "Rasulov, Vugar"]
[Black "Maksimovic, Bojan"]
[Result "1-0"]
[Board "16"]
[TimeControl "180+1"]
[WhiteFideId "13402390"]
[BlackFideId "14408120"]
[WhiteElo "2968"]
[BlackElo "2859"]
[WhiteTeam "AZE"]
[BlackTeam "BIH"]
[WhiteClock "0:01:58"]
[BlackClock "0:00:12"]

1. b3 g6 2. Bb2 Nf6 3. e4 d6 4. d3 Bg7 5. g3 O-O 6. Bg2 c5 7. Ne2 Nc6 8. O-O Rb8 9. h3 b5 10. Nd2 Nd7 11. Bxg7 Kxg7 12. f4 Bb7 13. a4 b4 14. Kh2 a5 15. Nc4 Nb6 16. Ne3 e6 17. f5 Ne5 18. f6+ Kh8 19. Qe1 Nbd7 20. Qf2 Rg8 21. g4 g5 22. Ng3 Ng6 23. Nh5 e5 24. Nf5 Ndf8 25. Nh6 Qd7 26. Qf5 Qxf5 27. Nxf7# 1-0

[Event "January 2 Late 2024"]
[Site "https://www.chess.com"]
[Date "2024.01.02"]
[Round "10"]
[White "Czarnota, Pawel"]
[Black "Matlakov, Maxim"]
[Result "1-0"]
[Board "17"]
[TimeControl "180+1"]
[WhiteFideId "1121219"]
[BlackFideId "4168003"]
[WhiteElo "2847"]
[BlackElo "2965"]
[WhiteTeam "POL"]
[BlackTeam "RUS"]
[WhiteClock "0:00:38"]
[BlackClock "0:00:00"]

1. e4 c5 2. Nf3 e6 3. d4 cxd4 4. Nxd4 Nc6 5. Nc3 Qc7 6. Be2 Nf6 7. O-O a6 8. Be3 Be7 9. f4 d6 10. a4 O-O 11. Kh1 Nxd4 12. Qxd4 Bd7 13. Bf3 Bc6 14. Rfd1 e5 15. Qd2 b5 16. axb5 axb5 17. Rxa8 Rxa8 18. fxe5 dxe5 19. Nd5 Bxd5 20. exd5 Bd6 21. Bg5 Nd7 22. Qe2 b4 23. Be4 Nc5 24. g3 g6 25. Bg2 f5 26. Qb5 e4 27. Qc6 Rc8 28. Qxc7 Rxc7 29. Bf1 Na4 30. Bf6 Rxc2 31. Ra1 Nc5 32. Bb5 Kf7 33. Bd4 Nb3 34. Ra7+ Rc7 35. Rxc7+ Bxc7 36. d6 Bxd6 37. Bc4+ Ke7 38. Bxb3 g5 39. Kg2 h5 40. Bd5 g4 41. b3 Kd7 42. Bf6 Ke8 43. Be6 f4 44. gxf4 Bxf4 45. Bf5 e3 46. Bg6+ Kd7 47. Bxh5 Ke6 48. Bh4 Kf5 49. Be1 e2 50. Bxb4 Bg5 51. Be1 Kf4 52. Kf2 Bh4+ 53. Kxe2 1-0

[Event "January 2 Late 2024"]
[Site "https://www.chess.com"]
[Date "2024.01.02"]
[Round "10"]
[White "Kramnik, Vladimir"]
[Black "Mekhitarian, Krikor Sevag"]
[Result "0-1"]
[Board "18"]
[TimeControl "180+1"]
[WhiteFideId "4101588"]
[BlackFideId "2107660"]
[WhiteElo "2965"]
[BlackElo "2838"]
[WhiteTeam "RUS"]
[BlackTeam "BRA"]
[WhiteClock "0:00:00"]
[BlackClock "0:00:04"]

1. e4 e6 2. d4 d5 3. exd5 exd5 4. Nf3 Nc6 5. Nc3 Bb4 6. Bd3 Nge7 7. O-O Bg4 8. Be3 Qd7 9. h3 Bf5 10. Ne2 Bd6 11. Re1 O-O 12. c3 Rfe8 13. Bf4 Bxd3 14. Qxd3 Ng6 15. Bxd6 Qxd6 16. g3 Qd7 17. Kg2 Nce7 18. Neg1 f6 19. Re2 Nf5 20. Rae1 Nd6 21. Nd2 Rxe2 22. Rxe2 Re8 23. h4 Rxe2 24. Qxe2 Ne7 25. Nh3 c6 26. Nf4 Ng6 27. Nd3 b6 28. h5 Ne7 29. Nf4 Kf7 30. g4 Nec8 31. f3 Qe8 32. Qd3 Kg8 33. Kf2 h6 34. Nf1 f5 35. Qe3 Qxe3+ 36. Nxe3 fxg4 37. fxg4 Kf7 38. Kf3 Ne7 39. b3 Kf6 40. c4 dxc4 41. bxc4 g6 42. hxg6 Nxg6 43. Nxg6 Kxg6 44. Kf4 Kf6 45. a4 Ke6 46. d5+ cxd5 47. cxd5+ Kf6 48. Nf5 Nf7 49. Ke4 a6 50. Ne3 Nd6+ 51. Kd4 Nf7 52. Nc4 b5 53. axb5 axb5 54. Ne3 Kg5 55. Kc5 Kf4 56. Nc2 Kxg4 57. Kxb5 h5 58. Ne3+ Kg5 59. Ng2 Ne5 60. Kc5 Kg4 61. d6 Nf7 62. Kd5 Kg3 0-1

[Event "January 2 Late 2024"]
[Site "https://www.chess.com"]
[Date "2024.01.02"]
[Round "10"]
[White "Troff, Kayden"]
[Black "Kamsky, Gata"]
[Result "1-0"]
[Board "19"]
[TimeControl "180+1"]
[WhiteFideId "2047896"]
[BlackFideId "2000024"]
[WhiteElo "2810"]
[BlackElo "2963"]
[WhiteTeam "USA"]
[BlackTeam "USA"]
[WhiteClock "0:00:07"]
[BlackClock "0:00:14"]

1. d4 d5 2. Nf3 Nf6 3. Bf4 e6 4. e3 Bd6 5. Ne5 O-O 6. Bd3 c5 7. c3 Qc7 8. Bg3 Nfd7 9. f4 Nc6 10. Nd2 Ne7 11. Qh5 f5 12. Bh4 Nf6 13. Bxf6 gxf6 14. Nef3 e5 15. fxe5 fxe5 16. dxe5 Bxe5 17. O-O-O Bg7 18. g4 Qd6 19. Rhg1 Qh6 20. Qxh6 Bxh6 21. gxf5+ Kh8 22. Kb1 Bxf5 23. e4 Bg6 24. Ne5 Bxd2 25. Nxg6+ Nxg6 26. Rxd2 d4 27. cxd4 cxd4 28. a3 Ne5 29. Rg3 Rad8 30. Bc2 Rg8 31. Rxg8+ Kxg8 32. Bb3+ Kg7 33. Bd5 d3 34. Bxb7 Nc4 35. Rd1 Ne3 36. Rd2 Nc4 37. Rd1 Kf6 38. Bd5 Ne5 39. Rf1+ Ke7 40. Rf2 Rc8 41. b4 Nc4 42. Bxc4 Rxc4 43. Rd2 Rxe4 44. Rxd3 a5 45. bxa5 Ra4 46. Rh3 Kf6 47. Rxh7 Rxa5 48. Rh3 Kg5 49. Kb2 Kg4 50. Rb3 Kf4 51. h4 Ke4 52. Rh3 Rh5 53. Kb3 Kd4 54. Kb4 Rh8 55. a4 Rb8+ 56. Ka3 Kc5 57. h5 Rh8 58. h6 Rh7 59. Kb3 1-0

[Event "January 2 Late 2024"]
[Site "https://www.chess.com"]
[Date "2024.01.02"]
[Round "10"]
[White "Lagarde, Maxime"]
[Black "Bok, Benjamin"]
[Result "1-0"]
[Board "20"]
[TimeControl "180+1"]
[WhiteFideId "662399"]
[BlackFideId "1017063"]
[WhiteElo "2800"]
[BlackElo "2934"]
[WhiteTeam "FRA"]
[BlackTeam "NED"]
[WhiteClock "0:00:04"]
[BlackClock "0:00:00"]

1. d4 Nf6 2. c4 e6 3. Nc3 Bb4 4. Nf3 O-O 5. Bg5 c5 6. e3 cxd4 7. exd4 h6 8. Bh4 d5 9. Bd3 dxc4 10. Bxc4 b6 11. O-O Bb7 12. Ne5 Be7 13. Re1 Nc6 14. Nxc6 Bxc6 15. Qd3 Rc8 16. Rad1 Bb7 17. Bb3 Qd7 18. Qh3 Rfd8 19. Rxe6 Kh8 20. Re3 Qxh3 21. Rxh3 Kg8 22. Re3 Bb4 23. Bxf6 gxf6 24. Ne4 f5 25. Nf6+ Kf8 26. Rg3 f4 27. Rg8+ Ke7 28. Rg7 Kxf6 29. Rxf7+ Kg6 30. Rxb7 Rd6 31. h4 Rcd8 32. Bc2+ Kf6 33. Rxa7 Rxd4 34. Rxd4 Rxd4 35. Bb3 Bc5 36. Rf7+ Ke5 37. Kh2 Rd2 38. f3 Bf2 39. h5 Re2 40. Kh3 Re3 41. Kg4 Bg3 42. Rf5+ Kd4 43. Rf6 Re2 44. Rxh6 Rxg2 45. Kf5 Ke3 46. Bd5 Rxb2 47. Re6+ Kd4 48. Bb3 Rh2 49. h6 1-0

[Event "January 2 Late 2024"]
[Site "https://www.chess.com"]
[Date "2024.01.02"]
[Round "10"]
[White "Santos Latasa, Jaime"]
[Black "Timmermans, Mark"]
[Result "1-0"]
[Board "21"]
[TimeControl "180+1"]
[WhiteFideId "2293307"]
[BlackFideId "1026399"]
[WhiteElo "2914"]
[BlackElo "2778"]
[WhiteTeam "ESP"]
[BlackTeam "NED"]
[WhiteClock "0:00:55"]
[BlackClock "0:00:09"]

1. Nf3 Nf6 2. c4 e6 3. g3 d5 4. Bg2 Be7 5. O-O O-O 6. b3 c5 7. e3 b6 8. Bb2 Bb7 9. Nc3 dxc4 10. bxc4 Nc6 11. Qe2 Rc8 12. Rad1 Qc7 13. d3 Rfd8 14. Ne1 Ne8 15. f4 Nd6 16. g4 Nb8 17. f5 Bxg2 18. Nxg2 Bf6 19. Nf4 Qd7 20. fxe6 fxe6 21. Qg2 Nc6 22. g5 Be5 23. h4 Nf5 24. Rde1 Nxh4 25. Qh3 Nf5 26. Nxe6 Qxe6 27. Rxf5 Qg6 28. Ref1 Rxd3 29. Rxe5 Rcd8 30. Nd5 Rd2 31. Bc3 Kh8 32. Ref5 Rd1 33. Rxd1 1-0

[Event "January 2 Late 2024"]
[Site "https://www.chess.com"]
[Date "2024.01.02"]
[Round "10"]
[White "Duda, Jan-Krzysztof"]
[Black "Tari, Aryan"]
[Result "1-0"]
[Board "22"]
[TimeControl "180+1"]
[WhiteFideId "1170546"]
[BlackFideId "1510045"]
[WhiteElo "3033"]
[BlackElo "2912"]
[WhiteTeam "POL"]
[BlackTeam "NOR"]
[WhiteClock "0:00:02"]
[BlackClock "0:00:01"]

1. e4 e5 2. f4 d5 3. exd5 exf4 4. Nf3 Nf6 5. Bb5+ c6 6. dxc6 Nxc6 7. Nc3 Be6 8. Qe2 Be7 9. d4 O-O 10. Bxc6 bxc6 11. Bxf4 Qb6 12. O-O-O Bb4 13. Na4 Qa5 14. b3 Nd5 15. Qe5 Ba3+ 16. Kb1 Rab8 17. Nb2 Nc3+ 18. Ka1 Bc5 19. Na4 Nxa4 20. dxc5 Nc3 21. Kb2 Nxd1+ 22. Rxd1 Rbd8 23. Rd6 Rxd6 24. Qxd6 Bd5 25. Nd4 Qd8 26. g4 Re8 27. Nf5 Qf6+ 28. Qxf6 gxf6 29. c4 Re2+ 30. Kc3 Be4 31. Nd6 Bf3 32. a4 Rg2 33. b4 Rxg4 34. Bg3 h5 35. b5 h4 36. b6 hxg3 37. hxg3 axb6 38. cxb6 c5 39. a5 Rxg3 40. Kd2 Bc6 41. a6 Rb3 42. b7 Rb6 43. a7 Rxb7 44. a8=Q+ Kg7 45. Nxb7 1-0